 Dungeon Crawl Stone Soup version 0.29-a0-887-gcbe080d7e0 (webtiles) character file.

Game seed: 14433824211590292118

1386 iguanaiguana the Cleaver (level 8, -4/67 HPs)
             Began as a Minotaur Fighter on July 22, 2022.
             Slain by a gnoll
             ... wielding a +0 flail
             ... led by a gnoll sergeant
              (11 damage)
             ... on level 6 of the Dungeon.
             The game lasted 00:03:56 (4698 turns).

iguanaiguana the Cleaver (Minotaur Fighter)         Turns: 4698, Time: 00:03:56

Health: -4/67      AC:  7    Str: 22    XL:     8   Next: 40%
Magic:  7/7        EV:  9    Int:  5    God:
Gold:   230        SH:  5    Dex: 11    Spells: 7/7 levels left

rFire   . . .      SeeInvis .   a - +0 war axe
rCold   . . .      Faith    .   c - +0 buckler
rNeg    . . .      Spirit   .   b - +0 scale mail
rPois   .          Reflect  .   (helmet restricted)
rElec   .          Harm     .   (no cloak)
rCorr   .          Rampage  .   (no gloves)
Will    +....                   (no boots)
Stlth   ..........              (no amulet)
HPRegen 0.21/turn               (no ring)
MPRegen 0.10/turn               (no ring)

@: no status effects
A: horns 2, retaliatory headbutt, strong-willed 1, wild magic 1
a: no special abilities


You were on level 6 of the Dungeon.
You visited 1 branch of the dungeon, and saw 6 of its levels.

You collected 230 gold pieces.

Inventory:

Hand Weapons
 a - a +0 war axe (weapon)
Missiles
 l - 4 boomerangs (quivered)
 s - 8 poisoned darts
Armour
 b - a +0 scale mail (worn)
 c - a +0 buckler (worn)
Jewellery
 o - a ring of positive energy
Scrolls
 e - a scroll of summoning
 g - a scroll of fear
 h - 2 scrolls of immolation
 j - a scroll of silence
 p - a scroll of vulnerability {unknown}
 t - a scroll of poison
 v - a scroll of acquirement {unknown}
Potions
 d - 2 potions of might {@q3}
 f - 3 potions of mutation
 i - a potion of ambrosia
 m - a potion of berserk rage {unknown}
 n - a potion of brilliance {unknown}
 q - a potion of degeneration
 r - a potion of magic {unknown}
 u - a potion of resistance {unknown}


   Skills:
 - Level 4.7 Fighting
 + Level 11.3 Axes
 - Level 4.7 Armour
 - Level 4.8 Shields


You had 7 spell levels left.
You didn't know any spells.
Your spell library was empty.

Dungeon Overview and Level Annotations

Branches:
Dungeon (6/15)             Temple (0/1) D:5

Altars:
Ashenzari
Elyvilon
Wu Jian

Shops:
D:1 [

Annotations:
D:4 4 runed translucent doors


Innate Abilities, Weirdness & Mutations

You have a pair of horns on your head.
You reflexively headbutt those who attack you in melee.
You are strong-willed. (Will+)
Your spells are a little harder to cast, but a little more powerful.


Message History

No target in view!
No target in view!
No target in view!
No target in view!
No target in view!
p - a scroll labelled JUOCSI PIYMA
Items here: )) [[ †.
There is a stone staircase leading down here.
v - a scroll labelled WAPHAB WINNEU You now have 230 gold pieces (gained 15).
Things that are here:
a +0 hand axe; a +0 leather armour; an orc corpse
There is a stone staircase leading down here.
You climb downwards.
You hear the hiss of flowing sand.
There is an entrance to an ossuary on this level.
Hurry and find it before the portal is buried!
You hear the sound of rushing water.
There is an entrance to a sewer on this level.
Hurry and find it before the portal rusts away!
Found a scroll labelled QEESME BACINO and a potion of mutation.
Found a stone staircase leading down.
There is a stone staircase leading up here.
Unknown command.
As you read the scroll of identify {@r1}, it crumbles to dust.
i - a potion of ambrosia HP restored.
A gnoll comes into view. It is wielding a +0 flail.
Found a war axe.
The gnoll shouts!
You see here a scroll labelled QEESME BACINO.
A gnoll sergeant comes into view. It is wielding a +0 spear.
A gnoll comes into view. It is wielding a +0 flail.
The gnoll shouts!
You hear a shout!
A gnoll comes into view. It is wielding a +0 whip.
The gnoll shouts!
You block the gnoll's attack.
You closely miss the gnoll.
A gnoll comes into view. It is wielding a +0 halberd.
You block the gnoll's attack.
You barely miss the gnoll. You headbutt the gnoll.
The gnoll is moderately wounded.
The gnoll sergeant barely misses you. The gnoll hits you but does no damage.
You slash the gnoll!
You kill the gnoll!
The gnoll sergeant barely misses you. The gnoll barely misses you.
Things that are here:
a +0 flail; a gnoll corpse You hit the gnoll sergeant but do no damage.
You hit the gnoll. You barely miss the gnoll.
The gnoll sergeant hits you with a +0 spear.
You block the gnoll's attack. The gnoll completely misses you.
You hit the gnoll.
The gnoll is moderately wounded.
You hit the gnoll sergeant. You barely miss the gnoll.
The gnoll hits you from afar with a +0 halberd!
The gnoll sergeant hits you with a +0 spear!
You block the gnoll's attack. The gnoll closely misses you.
You hit the gnoll. Your headbutt misses the gnoll.
The gnoll is severely wounded.
You hit the gnoll sergeant. You hit the gnoll.
The gnoll hits you from afar with a +0 halberd!
The gnoll sergeant closely misses you. You furiously retaliate!
You headbutt the gnoll sergeant. The gnoll hits you with a +0 whip.
The gnoll hits you with a +0 flail.
You are too injured to fight recklessly!
You are too injured to fight recklessly!
You are too injured to fight recklessly!
You are too injured to fight recklessly!
You are too injured to fight recklessly!
You are too injured to fight recklessly!
You are too injured to fight recklessly!
You are too injured to fight recklessly!
You are too injured to fight recklessly!
You are too injured to fight recklessly!
You are too injured to fight recklessly!
The gnoll sergeant attacks as you move away!
The gnoll sergeant hits you with a +0 spear.
The gnoll sergeant hits you from afar with a +0 spear.
You are too injured to fight recklessly!
You are too injured to fight recklessly!
You are too injured to fight recklessly!
You are too injured to fight recklessly!
You are too injured to fight recklessly!
You are too injured to fight recklessly!
You are too injured to fight recklessly!
You are too injured to fight recklessly!
You are too injured to fight recklessly!
You closely miss the gnoll.
The gnoll is severely wounded.
The gnoll sergeant hits you from afar with a +0 spear.
* * * LOW HITPOINT WARNING * * *
The gnoll hits you with a +0 flail.
* * * LOW HITPOINT WARNING * * *
You barely miss the gnoll.
The gnoll is severely wounded.
The gnoll sergeant hits you from afar with a +0 spear.
* * * LOW HITPOINT WARNING * * *
The gnoll hits you from afar with a +0 halberd.
* * * LOW HITPOINT WARNING * * *
The gnoll hits you with a +0 flail!
You die...

...##....
#..#.... #.......
#...... #
..#.......#
........#.#
#....ggg.# # )
#g####.# .≈
#@..<#.#≈≈≈
...####........#
..............>#
.$....#.?..#.....
.####.#....#....#
.......# ...#
....##### .!#
#..... ... ......


You could see a gnoll sergeant and 3 gnolls.

Vanquished Creatures
  A troll (D:5)
  Sigmund (D:4)
  A yak (D:5)
  A steam dragon (D:4)
  Duvessa (D:4)
  A phantom (D:5)
  A necrophage (D:5)
  2 scorpions
  Dowan (D:4)
  An orc priest (D:5)
  A hound (D:3)
  3 iguanas
  An orc wizard (D:5)
  6 adders
  A gnoll (D:6)
  2 ufetubi (D:5)
  3 worms
  A dart slug (D:1)
  11 orcs
  6 ball pythons
  4 endoplasms
  5 giant cockroaches
  5 hobgoblins
  6 jackals
  9 kobolds
  2 quokkas
  5 bats
  2 frilled lizards
  6 goblins
  7 rats
97 creatures vanquished.

Notes
Turn   | Place    | Note
-------+----------+-------------------------------------------
     0 | D:1      | iguanaiguana the Minotaur Fighter began the quest for the
                  | Orb.
     0 | D:1      | Reached XP level 1. HP: 19/19 MP: 0/0
     7 | D:1      | Found Lolab's Antique Armour Shop.
   132 | D:1      | Reached XP level 2. HP: 27/27 MP: 1/1
   556 | D:1      | Reached skill level 3 in Axes
   590 | D:1      | Reached XP level 3. HP: 33/33 MP: 2/2
  2028 | D:3      | Found a faded altar of an unknown god.
  2083 | D:3      | Found a white marble altar of Elyvilon.
  2125 | D:3      | Reached XP level 4. HP: 37/41 MP: 3/3
  2293 | D:3      | Found a broken altar of Ashenzari.
  2315 | D:3      | Noticed a scorpion
  2322 | D:3      | Killed a scorpion
  2323 | D:3      | Reached XP level 5. HP: 47/47 MP: 4/4
  2521 | D:4      | Noticed Sigmund
  2527 | D:4      | Gained mutation: You are strong-willed. (Will+) [potion of
                  | mutation]
  2527 | D:4      | Gained mutation: Your spells are a little harder to cast,
                  | but a little more powerful. [potion of mutation]
  2535 | D:4      | Killed Sigmund
  2536 | D:4      | Reached skill level 5 in Axes
  2536 | D:4      | Reached XP level 6. HP: 53/53 MP: 5/5
  2582 | D:4      | Noticed a steam dragon
  2587 | D:4      | Reached skill level 6 in Axes
  2587 | D:4      | Killed a steam dragon
  2588 | D:4      | Reached skill level 7 in Axes
  2678 | D:4      | Found an ornate altar of the Wu Jian Council.
  2984 | D:4      | Noticed Duvessa
  2984 | D:4      | Noticed Dowan
  2994 | D:4      | Killed Duvessa
  2995 | D:4      | Reached XP level 7. HP: 35/60 MP: 6/6
  2996 | D:4      | Killed Dowan
  2997 | D:4      | Reached skill level 8 in Axes
  3377 | D:4      | Found a large runed translucent door.
  3378 | D:4      | Found a large runed translucent door.
  3379 | D:4      | Found a large runed translucent door.
  3380 | D:4      | Found a large runed translucent door.
  3457 | D:4      | Noticed a yak
  3759 | D:5      | Entered Level 5 of the Dungeon
  3985 | D:5      | Noticed a yak
  3985 | D:5      | Noticed a troll
  3997 | D:5      | Killed a yak
  3998 | D:5      | Reached skill level 9 in Axes
  4000 | D:5      | Killed a troll
  4001 | D:5      | Reached skill level 10 in Axes
  4001 | D:5      | Reached XP level 8. HP: 27/67 MP: 7/7
  4398 | D:5      | Reached skill level 11 in Axes
  4587 | D:5      | Found a staircase to the Ecumenical Temple.
  4698 | D:6      | Slain by a gnoll

Illustrated notes

Levels and vault maps discovered:
D:1:      tarquinn_simple_flora_water_e, layout_basic, serial_shops, shop
D:2:      layout_loops_corners, dk_noncrumbling_3, minmay_stone_trees_small,
          chequers_jeans, hangedman_decor_slide_cut, kennysheep_another_room,
          chequers_serial_rivers_large_b
D:3:      layout_basic, mainiacjoe_overflow_paths, nicolae_ashenzari_panopticon,
          hellmonk_ecumenical_altar_pennies_from_heaven
D:4:      layout_basic, mainiacjoe_overflow_boulevard, grunt_decor_arrowhead,
          minmay_hollow_rounded_squares, uniq_duvessa, uniq_sigmund
D:5:      cheibrodos_barr_body, layout_loops_cross, kiku_gazebo_pond_becter,
          nicolae_qazlal_eye_of_the_storm, minmay_temple_entry_from_below_a,
          serial_shops, kennysheep_little_box
D:6:      layout_basic, serial_rivers, chequers_serial_rivers_micro_d,
          chequers_serial_rivers_micro_d, chequers_serial_rivers_small_3,
          chequers_serial_rivers_micro_e, gup_sewer_entry_glass,
          nicolae_ossuary_entry_false_entrances

Skill      XL: |  1  2  3  4  5  6  7  8 |
---------------+-------------------------+-----
Fighting       | 4 |  4.7
Armour         | 4 |  4.7
Shields        | 4 |  4.8
Axes           | 3 5 7 10 11 | 11.3

Action                   |  1- 3 |  4- 6 |  7- 9 || total
-------------------------+-------+-------+-------++-------
Melee: War axe           |    83 |    46 |    89 ||   218
       Headbutt          |    14 |     8 |    20 ||    42
       Unarmed           |       |     4 |       ||     4
  Use: Potion            |       |     4 |     3 ||     7
       Scroll            |       |     6 |     5 ||    11
 Stab: Distracted        |       |     1 |       ||     1
Armor: Scale mail        |    33 |    13 |    37 ||    83
       Skin              |       |     1 |       ||     1
Dodge: Dodged            |    40 |    21 |    40 ||   101
Block: Buckler           |    29 |    14 |    20 ||    63

Table legend: (Time is in decaauts)
 A = Elapsed time spent in this place.
 B = Non-inter-level travel time spent in this place.
 C = Inter-level travel time spent in this place.
 D = Time resting spent in this place.
 E = Time spent auto-exploring this place.
 F = Levels seen in this place.
 G = Mean time per level.
                   A        B        C        D        E       F      G
               +--------+--------+--------+--------+--------+-----+--------+
         Total |   4772 |   4597 |    175 |    412 |   3626 |   6 |  795.3 |
       Dungeon |   4772 |   4597 |    175 |    412 |   3626 |   6 |  795.3 |
               +--------+--------+--------+--------+--------+-----+--------+

Top non-repeatable levels by time:
     D:4: 1250 daAuts
     D:2: 1105 daAuts
     D:1: 901 daAuts
     D:5: 896 daAuts
     D:3: 575 daAuts
     D:6: 43 daAuts
